 Dungeon Crawl Stone Soup version 0.28.0-43-g3370ac3207 (webtiles) character file.

Game seed: 9718112683081044927

2 weregamer the Scratcher (level 1, 0/9 HPs)
             Began as a Felid Transmuter on Mar 31, 2022.
             Slain by a ball python (1 damage)
             ... on level 1 of the Dungeon.
             The game lasted 00:01:50 (166 turns).

weregamer the Scratcher (Felid Transmuter)           Turns: 166, Time: 00:01:52

Health: 0/9        AC:  1    Str:  6    XL:     1   Next: 25%
Magic:  4/4        EV: 17    Int: 14    God:
Gold:   31         SH:  0    Dex: 16    Spells: 3/4 levels left
                                        Lives:  0   Deaths: 0

rFire   . . .      SeeInvis +     - Unarmed
rCold   . . .      Faith    .   (shield unavailable)
rNeg    . . .      Spirit   .   (armour unavailable)
rPois   .          Reflect  .   (helmet unavailable)
rElec   .          Harm     .   (cloak unavailable)
rCorr   .          Rampage  .   (gloves unavailable)
Will    .....                   (boots unavailable)
Stlth   ++........              (no amulet)
HPRegen 0.03/turn               (no ring)
MPRegen 0.09/turn               (no ring)

@: quick
A: very small, claws 1, fangs 3, see invisible, speed 1, shaggy fur 1, stealthy
paws, no weapons or thrown items, no armour, multi-lived
a: no special abilities


You were on level 1 of the Dungeon.
You visited 1 branch of the dungeon, and saw 1 of its levels.

You collected 31 gold pieces.

Inventory:

Potions
 a - 2 potions of lignification {unknown}


   Skills:
 - Level 1.0 Fighting
 + Level 2.8 Dodging
 * Level 0.5 Stealth
 - Level 3.0 Unarmed Combat
 - Level 2.0 Spellcasting
 + Level 2.2 Transmutations


You had 3 spell levels left.
You knew the following spells:

 Your Spells              Type           Power      Damage    Failure   Level
a - Beastly Appendage     Tmut           14%        N/A       10%         1

Your spell library contained the following spells:

 Spells                   Type           Power      Damage    Failure   Level
 Wereblood                Tmut           7%         N/A       14%         2
 Spider Form              Tmut/Pois      4%         N/A       41%         3
 Ice Form                 Ice/Tmut       4%         N/A       83%         4


Dungeon Overview and Level Annotations

Branches:
Dungeon (1/15)

Altars:


Innate Abilities, Weirdness & Mutations

You have sharp claws.
You have razor-sharp teeth.
You have supernaturally acute eyesight. (SInv)
You cover ground quickly. (Speed+)
You are covered in fur. (AC +1)
Your paws help you pounce on unaware monsters.
You are incapable of wielding weapons or throwing items.
You cannot wear armour.
You gain extra lives every three experience levels.


Message History

A ball python comes into view.
Found a viscous sapphire potion.
The ball python hisses angrily.
You scratch the ball python. You bite the ball python.
The ball python is severely wounded.
The ball python bites you but does no damage.
The ball python grabs you. The ball python constricts you.
You closely miss the ball python.
The ball python is severely wounded.
The ball python closely misses you. The ball python constricts you.
The ball python bites you.
You scratch the ball python but do no damage.
You headbutt the ball python, but do no damage.
Your bite misses the ball python.
The ball python is severely wounded.
The ball python bites you but does no damage.
The ball python constricts you. The ball python bites you.
* * * LOW HITPOINT WARNING * * *
The ball python completely misses you. The ball python constricts you.
* * * LOW HITPOINT WARNING * * *
You escape the ball python's grasp.
Your transformation is almost over.
Your horns disappear.
A goblin and a ball python come into view.
The goblin shouts!
A kobold comes into view. It is wielding a +0 club.
A hobgoblin comes into view.
Found a stone staircase leading down.
Found 8 stones.
Found a robe.
The ball python misses you. The ball python barely misses you.
There is an escape hatch in the floor here.
Unknown command.
The ball python bites you.
* * * LOW HITPOINT WARNING * * *
The ball python grabs you.
You stop descending the stairs.
The ball python constricts you.
* * * LOW HITPOINT WARNING * * *
You escape the ball python's grasp.
The ball python bites you.
You die...

.#......g...........#..#
........#>#.#..........# #
####.##.#.#.#.#........#.#
.g.g....###.#g...^.....#.#
####.##.#.####...........# #
#.##.##.##........#..# #
#.####.###..⌠S.......# #
#.###.##.#...SS......# #
..#..###.#...@<.∩....#
######.##.#.#...........#
..........#.#..⌠........#
....#######.#...........#
###.....†....#......##..#########
.b#.#####.........####...........
.b#.########.###.### ##.#..#####
..#.##.......#...........#.######
..#..........#.#..########.#....#


You could see a goblin and 3 ball pythons.

Vanquished Creatures
  A hobgoblin (D:1)
  A bat (D:1)
2 creatures vanquished.

Notes
Turn   | Place    | Note
-------+----------+-------------------------------------------
     0 | D:1      | weregamer the Felid Transmuter began the quest for the Orb.
     0 | D:1      | Reached XP level 1. HP: 9/9 MP: 4/4
   166 | D:1      | Slain by a ball python

Illustrated notes

Levels and vault maps discovered:
D:1:      wander_arrival_desolate, layout_basic, serial_aquarium,
          aquarium_bridge_island_small [aquarium_subvault_small_open,
          aquarium_subvault_balcony, aquarium_subvault_bridge,
          aquarium_subvault_wall, aquarium_subvault_bridge], aquarium_window_1,
          aquarium_window_corner, aquarium_window_1, aquarium_window_corner,
          aquarium_view_2c, aquarium_view_2e, aquarium_balcony_3a,
          aquarium_pool_side, chequers_ecumenical_altar_island,
          amethyst_killhole

Action                   || total
-------------------------++-------
Melee: Unarmed           ||     7
       Headbutt          ||     1
       Bite              ||     1
 Cast: Beastly Appendage ||     3
Armor: Skin              ||     2
Dodge: Dodged            ||     8
